 Dungeon Crawl Stone Soup version 0.31-a0-164-g2312942fda (webtiles) character file.

Game seed: 6189889889235039791

292 qw the Chopper (level 6, -3/40 HPs)
             Began as a Gargoyle Fighter on June 13, 2023.
             Slain by an orc wizard
             ... wielding a +0 dagger
              (4 damage)
             ... on level 3 of the Dungeon.
             The game lasted 00:01:20 (2293 turns).

qw the Chopper (Gargoyle Fighter)                   Turns: 2293, Time: 00:01:21

Health: -3/40      AC: 17    Str: 21    XL:     6   Next: 33%
Magic:  6/6        EV:  2    Int:  9    God:
Gold:   106        SH:  4    Dex:  9    Spells: 5/5 levels left

rFire   . . .        Y - +0 war axe
rCold   . . .        c - +0 buckler
rNeg    + . .        k - +0 plate armour
rPois   inf          f - +0 helmet
rElec   +            (no cloak)
rCorr   .            (no gloves)
SInv    .            (no boots)
Will    .....        (no amulet) Stlth
                     (no ring)
HPRegen 0.26/turn    (no ring)
MPRegen 0.10/turn

%: no passive effects
@: constricted
A: sickness immunity, AC +4, negative energy resistance 1, electricity
resistance, torment resistance 1, petrification resistance
a: no special abilities


You were on level 3 of the Dungeon.
You visited 1 branch of the dungeon, and saw 3 of its levels.

You collected 106 gold pieces.


Innate Abilities, Weirdness & Mutations

You are immune to sickness and miasma.
Your stone body is resilient. (AC +4)
You are immune to poison.
You resist negative energy. (rN+)
You are resistant to electric shocks. (rElec)
You are resistant to unholy torment.
You are immune to petrification.


   Skills:
 - Level 4.8 Fighting
 + Level 5.1 Axes
 - Level 3.2 Armour
 - Level 3.2 Shields


You had 5 spell levels left.
You didn't know any spells.
Your spell library was empty.

Inventory:

Hand Weapons
 l - a +0 mace
 Y - a +0 war axe (weapon)
Armour
 c - a +0 buckler (worn)
 f - a +0 helmet (worn)
 k - a +0 plate armour (worn)
Scrolls
 g - a scroll of revelation {unknown}
 h - a scroll of enchant armour {unknown}
 m - a scroll of identify {unknown}
Potions
 a - a potion of brilliance {unknown}
 b - a potion of magic {unknown}
 d - a potion of might
 e - a potion of enlightenment {unknown}
 i - a potion of heal wounds {unknown}
 j - a potion of haste {unknown}

Dungeon Overview and Level Annotations

Branches:
Dungeon (3/15)

Altars:


Message History

The puff of flame hits you but does no damage.
You closely miss the orc.
The orc is almost dead.
You miss something.
You hear some strange, mumbled words.
A puff of flame appears from out of thin air!
The puff of flame hits you but does no damage.
You slash the orc!
You kill the orc!
You closely miss something. Something hits you but does no damage.
The adder bites you.
You barely miss the adder. You barely miss something.
You hear some strange, mumbled words.
A puff of flame appears from out of thin air!
The puff of flame hits you but does no damage.
The adder bites you. Something hits you.
You barely miss the adder. You hit something.
The adder bites you but does no damage. You block the adder's attack.
Something hits you.
You slash the adder!
You kill the adder!
You barely miss something.
You hear some strange, mumbled words.
You are confused.
The ball python bites you but does no damage.
The ball python barely misses you. Something hits you but does no damage.
The ball python bites you but does no damage.
The ball python grabs you. The ball python constricts you. Something hits you.
The ball python bites you but does no damage.
The ball python constricts you.
The ball python bites you but does no damage.
The ball python constricts you. Something hits you but does no damage.
The ball python bites you but does no damage.
The ball python constricts you. Something hits you but does no damage.
The ball python barely misses you. The ball python constricts you.
You feel less confused. Something hits you.
You die...

## #.# ..
#%. o# #.#
o. #.. .#
### .#
###.##
#.#{S..#
..#@#..#
#.#.#..#
#.#.#..#
#.#.#..#
#.#.#...
##.#.#.###
#....#...
..
#..###.#
..
#......#
.....


You could see a ball python.

Vanquished Creatures
  An ogre (D:3)
  A hound (D:3)
  2 orc wizards (D:3)
  Robin (D:2)
  3 gnolls (D:2)
  An adder (D:3)
  2 dart slugs
  9 orcs (D:3)
  3 endoplasms
  A giant cockroach (D:1)
  7 hobgoblins
  3 jackals (D:1)
  8 kobolds
  A quokka (D:2)
  6 ball pythons
  3 bats
  A frilled lizard (D:1)
  13 goblins
  5 rats
71 creatures vanquished.

Notes
Turn   | Place    | Note
-------+----------+-------------------------------------------
     0 | D:1      | qw the Gargoyle Fighter began the quest for the Orb.
     0 | D:1      | Reached XP level 1. HP: 14/14 MP: 1/1
     0 | D:1      | 0 ||| qw: Version: 0.2-a-29-gc1b59c4
     0 | D:1      | 0 ||| qw: Game counter: 4597
     0 | D:1      | 0 ||| qw: Always use a shield: true
     0 | D:1      | 0 ||| qw: God list: Okawaru
     0 | D:1      | 0 ||| qw: Allow faded altars: false
     0 | D:1      | 0 ||| qw: Do Orc after D:15 true
     0 | D:1      | 0 ||| qw: Do second Lair branch before Depths: true
     0 | D:1      | 0 ||| qw: Lair rune preference: random
     0 | D:1      | 0 ||| qw: Plans: Normal, Zot:1-4, Slime:5, God:TSO, Crypt,
                  | Tomb, Abyss, Pan, Hells, Win
     0 | D:1      | 0 ||| PLANNING D:1-11
    33 | D:1      | Reached skill level 2 in Axes
   192 | D:1      | Reached XP level 2. HP: 19/19 MP: 2/2
   311 | D:1      | 311 ||| Stepping ~*~*~tactically~*~*~ (stealth).
   313 | D:1      | 313 ||| Stepping ~*~*~tactically~*~*~ (stealth).
   317 | D:1      | Reached skill level 3 in Axes
   343 | D:1      | Found a faded altar of an unknown god.
   376 | D:1      | 376 ||| DROPPING +0 whip.
   432 | D:1      | Reached XP level 3. HP: 18/23 MP: 3/3
   772 | D:1      | 772 ||| UPGRADING to +0 helmet.
   777 | D:1      | 777 ||| READING scroll labelled PYAGERREUL.
   778 | D:1      | 778 ||| READING scroll labelled DACUMI DAPA.
   779 | D:1      | 779 ||| READING scroll labelled NEONU WEUGUEPIN.
   780 | D:1      | 780 ||| READING scroll labelled PAXURO VIG KOS.
   796 | D:1      | 796 ||| DRINKING 2 bubbling sapphire potions.
   958 | D:2      | 958 ||| Stepping ~*~*~tactically~*~*~ (stealth).
   959 | D:2      | Noticed Robin
   976 | D:2      | Killed Robin
   977 | D:2      | Reached XP level 4. HP: 14/28 MP: 4/4
  1332 | D:2      | 1332 ||| Stepping ~*~*~tactically~*~*~ (hiding).
  1340 | D:2      | Reached skill level 4 in Axes
  1340 | D:2      | 1340 ||| FLEEEEING.
  1341 | D:2      | 1341 ||| FLEEEEING.
  1346 | D:2      | 1346 ||| FLEEEEING.
  1347 | D:2      | 1347 ||| FLEEEEING.
  1348 | D:2      | 1348 ||| FLEEEEING.
  1349 | D:2      | 1349 ||| FLEEEEING.
  1350 | D:2      | 1350 ||| FLEEEEING.
  1688 | D:2      | 1688 ||| UPGRADING to +0 plate armour.
  1698 | D:2      | 1698 ||| DROPPING +0 scale mail.
  1699 | D:2      | 1699 ||| DRINKING 2 amethyst potions.
  1804 | D:2      | 1804 ||| DROPPING potion of berserk rage.
  1964 | D:3      | 1964 ||| DRINKING 2 potions of curing.
  1964 | D:3      | 1964 ||| (to cure confusion)
  1970 | D:3      | 1970 ||| DRINKING potion of curing.
  1970 | D:3      | 1970 ||| (to cure confusion)
  1991 | D:3      | Reached XP level 5. HP: 21/32 MP: 5/5
  2114 | D:3      | Reached skill level 5 in Axes
  2118 | D:3      | 2118 ||| Stepping ~*~*~tactically~*~*~ (hiding).
  2121 | D:3      | 2121 ||| Stepping ~*~*~tactically~*~*~ (hiding).
  2263 | D:3      | 2263 ||| Stepping ~*~*~tactically~*~*~ (hiding).
  2272 | D:3      | Noticed an ogre
  2275 | D:3      | HP: 6/33 [ogre/+0 giant club (27)]
  2276 | D:3      | Killed an ogre
  2277 | D:3      | Reached XP level 6. HP: 8/40 MP: 6/6
  2280 | D:3      | HP: 7/40 [orc/+2 hand axe of electrocution (1)]
  2285 | D:3      | HP: 5/40 [adder (3)]
  2287 | D:3      | HP: 1/40 [something (3)]
  2293 | D:3      | Slain by an orc wizard

Levels and vault maps discovered:
D:1:      minmay_arrival_jagged, layout_basic,
          shapermc_ecumenical_altar_mp_urbaneastern, kennysheep_doodads
D:2:      layout_loops_ring, serial_rivers, chequers_serial_rivers_small_b,
          chequers_serial_rivers_room_a, chequers_serial_rivers_micro_e,
          chequers_serial_rivers_micro_a, uniq_robin
D:3:      layout_basic

Skill      XL: |  1  2  3  4  5 |
---------------+----------------+-----
Axes           | 2 3 4 5 |  5.1
Fighting       | 4 |  4.8
Armour         | |  3.2
Shields        | |  3.2

Action                     |  1- 3 |  4- 6 || total
---------------------------+-------+-------++-------
  Melee: War axe           |    98 |   103 ||   201
    Use: Scroll            |     4 |       ||     4
         Potion            |     1 |     3 ||     4
 Armour: Scale mail        |    48 |     9 ||    57
         Plate armour      |       |    88 ||    88
  Dodge: Dodged            |    54 |    21 ||    75
  Block: Buckler           |    19 |    19 ||    38

Table legend:
 A = Non-vault XP
 B = Vault XP
 C = Vault XP percentage of total XP
 D = Non-vault monster count
 E = Vault monster count
 F = Vault count percentage of total count
                 A         B        C        D         E       F
            +---------+---------+-------+---------+---------+-------
      Total |     382 |      36 |   8.6 |      59 |      12 |  16.9
            +---------+---------+-------+---------+---------+-------
        D:1 |      39 |       0 |   0.0 |      23 |       0 |   0.0
        D:2 |      60 |      36 |  37.5 |      16 |      12 |  42.9
        D:3 |     283 |       0 |   0.0 |      20 |       0 |   0.0
            +---------+---------+-------+---------+---------+-------
